 Dungeon Crawl Stone Soup version 0.24-a0-412-ge138f7edaf (webtiles) character file.

Game seed: 3454768866104662522

1642 Amnesiac the Insei (level 8, -8/48 HPs)
             Began as an Octopode Transmuter on June 7, 2019.
             Was an Initiate of Gozag.
             Mangled by an ogre
             ... wielding a +0 giant club
              (22 damage)
             ... on level 7 of the Dungeon.
             The game lasted 00:13:31 (6742 turns).

Amnesiac the Insei (Octopode Transmuter)            Turns: 6742, Time: 00:13:33

Health: -8/48      AC:  7    Str:  8 (9)  XL:     8   Next: 99%
Magic:  13/14      EV: 24    Int: 15      God:    Gozag
Gold:   910        SH:  0    Dex: 19 (20) Spells: 10/16 levels left

rFire    . . .     SeeInvis +     - Unarmed
rCold    . . .     Gourm    .   (shield currently unavailable)
rNeg     . . .     Faith    .   (helmet currently unavailable)
rPois    x         Spirit   .   (no amulet)
rElec    .         Reflect  .   b - +5 ring of protection
rCorr    .         Harm     .   i - ring of see invisible
MR       .....                  (no ring)
Stlth    ++........             (no ring)
HPRegen  0.16/turn              (no ring)
MPRegen  0.14/turn              (no ring)
                                (no ring)
                                (no ring)

@: spider-form (expiring)
A: tiny, almost no armour, stealthy swim, (amphibious), 8 rings, (constrict 8)
a: End Transformation, Potion Petition, Call Merchant, Bribe Branch, Renounce
Religion


You were on level 7 of the Dungeon.
You worshipped Gozag.
Gozag was pleased with you.
You were full.
You were a venomous arachnid creature.
You visited 2 branches of the dungeon, and saw 8 of its levels.

You collected 990 gold pieces.
You paid 80 gold pieces to Gozag.

Inventory:

Missiles
 h - 5 throwing nets
 l - 17 poisoned darts (quivered)
Armour
 f - a +0 buckler
Jewellery
 b - a +5 ring of protection (left front leg)
 i - a ring of see invisible (right front leg)
 j - an uncursed ring of fire
Wands
 c - a wand of polymorph (3)
 r - a wand of enslavement (11)
Scrolls
 e - 2 scrolls of fear {!r, unknown}
 g - a scroll of blinking {!r, unknown}
 m - 2 scrolls of amnesia {!r, unknown}
 n - 4 scrolls of remove curse {!r}
 o - 2 scrolls of fog {!r, unknown}
 s - 3 scrolls of teleportation {!r}
 v - a scroll of immolation {!r, unknown}
Potions
 p - a potion of ambrosia {!q}
 q - 3 potions of curing {!q}
 t - a potion of mutation {!q}
 u - a potion of invisibility {!q}
Comestibles
 d - a ration


   Skills:
 - Level 1.0 Fighting
 - Level 5.0 Dodging
 - Level 7.0 Unarmed Combat
 + Level 4.5 Spellcasting
 * Level 6.5 Transmutations


You had 10 spell levels left.
You knew the following spells:

 Your Spells              Type           Power        Failure   Level  Hunger
a - Beastly Appendage     Tmut           ###...       5%          1    None
b - Sticks to Snakes      Tmut           ###.....     8%          2    ##.....
e - Spider Form           Tmut/Pois      ##........   30%         3    ###....

Your spell library contained the following spells:

 Spells                   Type           Power        Failure   Level  Hunger
 Blade Hands              Tmut           ###.......   54%         5    ######.
 Ice Form                 Ice/Tmut       ##......     63%         4    ####...


Dungeon Overview and Level Annotations

Branches:
Dungeon (7/15)             Temple (1/1) D:5

Altars:
Cheibriados
Dithmenos
Elyvilon
Gozag
Hepliaklqana
Makhleb
Okawaru
Qazlal
Trog
Uskayaw
Vehumet
Wu Jian
Xom
Yredelemnul
Zin

Shops:
D:4 :


Innate Abilities, Weirdness & Mutations

You cannot wear most types of armour.
You are very stealthy in the water. (Stealth+)
((You are amphibious.))
You can wear up to eight rings at the same time.
((You can use your tentacles to constrict eight enemies at once.))
((Your skin changes colour to match your surroundings (Stealth+).))
((Your rubbery body absorbs attacks. (AC +1, EV +1)))


Message History

You hit the gnoll but do no damage.
The gnoll is almost dead.
You kill the gnoll!
The gnoll becomes distracted by the nearby gold, dreaming of imaginary riches.
You see here 7 gold pieces.
You hit the gnoll.
The gnoll is poisoned.
The gnoll is no longer distracted by gold.
The gnoll is lightly wounded.
Your transformation has ended.
The gnoll misses you.
You tentacle-slap the gnoll but do no damage.
You grab the gnoll.
The gnoll is moderately wounded.
You constrict the gnoll, but do no damage.
The gnoll hits you but does no damage.
You tentacle-slap the gnoll.
The gnoll is severely wounded.
You constrict the gnoll.
You kill the gnoll!
You now have 903 gold pieces (gained 6).
You see here a +0 halberd.
You now have 910 gold pieces (gained 7).
You start resting.
An ogre comes into view. It is wielding a +0 giant club.
An ogre is nearby!
An ogre is nearby!
You start resting.
The ogre is too close now for your liking.
An ogre is nearby!
Casting: Sticks to Snakes (safe; 1% risk of failure)
Confirm with . or Enter, or press ? or * to list all spells.
You don't have anything to turn into a snake.
Unknown command.
You start resting.
The ogre is too close now for your liking.
You start resting.
The ogre is too close now for your liking.
Casting: Sticks to Snakes (safe; 1% risk of failure)
Confirm with . or Enter, or press ? or * to list all spells.
You turn into a venomous arachnid creature.
You hit the ogre.
The ogre is poisoned.
The ogre is lightly wounded.
The ogre hits you with a +0 giant club!
* * * LOW HITPOINT WARNING * * *
You barely miss the ogre.
The ogre is moderately wounded.
The ogre closely misses you.
You barely miss the ogre.
The ogre is moderately wounded.
You hit the ogre but do no damage.
The ogre looks as sick as possible!
The ogre is moderately wounded.
The ogre hits you with a +0 giant club!
* * * LOW HITPOINT WARNING * * *
You are too injured to fight recklessly!
You are too injured to fight recklessly!
You see here a +0 halberd.
Things that are here:
7 gold pieces; a +0 club Your transformation is almost over.
You hit the ogre.
The ogre looks even sicker.
The ogre is almost dead.
The ogre hits you with a +0 giant club!!
You die...
Your body crumbles into a pile of gold.

####.##..# .......
....... #...... ##...#
......$ .###...####
#.................######
...........###........
....####.# ##.####### .
#....#.# #..# #.#.s.(..#
#.## #..$.O.<## #.#
#......#####.#
..........$.)..#
#.#......$.....#
.....###.#.....## .##..
#.#.....# #.. #.#.....#
. #.#.....#


You could see an ogre.

Vanquished Creatures
  Eustachio (D:5)
  Duvessa (D:7)
  An ogre (D:4)
  A bullfrog (D:6)
  A gnoll sergeant (D:6)
  Dowan (D:7)
  A howler monkey (D:6)
  A crimson imp (D:6)
  A centaur zombie (D:6)
  4 orc priests
  Crazy Yiuf (D:3)
  A centaur skeleton (D:6)
  2 gnoll shamans (D:6)
  A hound (D:5)
  An orc wizard (D:4)
  2 worker ants
  A worker ant zombie (D:5)
  50 gnolls
  10 adders
  A shadow imp (D:6)
  2 dart slugs
  2 leopard geckos
  11 orcs
  A ball python (D:3)
  6 giant cockroaches
  5 goblins
  7 hobgoblins
  14 jackals
  6 bats
  5 frilled lizards
  5 kobolds
  2 quokka skeletons (D:5)
  11 rats
160 creatures vanquished.

Vanquished Creatures (collateral kills)
  An orc warrior (D:6)
  A dart slug (D:2)
2 creatures vanquished.

Grand Total: 162 creatures vanquished

Notes
Turn   | Place    | Note
-------+----------+-------------------------------------------
     0 | D:1      | Amnesiac the Octopode Transmuter began the quest for the
                  | Orb.
     0 | D:1      | Reached XP level 1. HP: 13/13 MP: 3/3
   123 | D:1      | Reached XP level 2. HP: 15/18 MP: 5/5
   127 | D:1      | Learned a level 2 spell: Sticks to Snakes
   387 | D:2      | Found a burning altar of Makhleb.
   419 | D:2      | Reached XP level 3. HP: 4/23 MP: 6/6
   434 | D:2      | HP: 1/23 [poisoned by an adder]
   788 | D:2      | Learned a level 3 spell: Spider Form
   984 | D:3      | Reached XP level 4. HP: 28/28 MP: 7/7
  1076 | D:3      | Found an iron altar of Okawaru.
  1277 | D:3      | Found a runed translucent door.
  1278 | D:3      | Noticed Crazy Yiuf
  1413 | D:4      | Found Unogu's Book Emporium.
  1444 | D:4      | Found a white marble altar of Elyvilon.
  1504 | D:4      | Reached XP level 5. HP: 33/33 MP: 5/9
  1594 | D:4      | Reached skill level 4 in Unarmed Combat
  1594 | D:4      | Noticed an ogre
  1619 | D:4      | Killed an ogre
  1619 | D:4      | Reached XP level 6. HP: 22/38 MP: 0/10
  1750 | D:4      | Found a bloodstained altar of Trog.
  2406 | D:5      | Entered Level 5 of the Dungeon
  2555 | D:5      | Reached skill level 5 in Unarmed Combat
  2655 | D:5      | Found a burning altar of Makhleb.
  2689 | D:5      | Found a staircase to the Ecumenical Temple.
  2689 | D:5      | Noticed Eustachio
  2698 | Temple   | Entered the Ecumenical Temple
  2708 | Temple   | Became a worshipper of Gozag Ym Sagoz the Greedy
  2735 | D:5      | Killed Eustachio
  2735 | D:5      | Reached skill level 6 in Unarmed Combat
  2735 | D:5      | Reached XP level 7. HP: 36/43 MP: 6/11
  4123 | D:3      | Found a stormy altar of Qazlal.
  4596 | D:3      | Killed Crazy Yiuf
  4708 | D:6      | HP: 2/43 [gnoll/+0 flail (3)]
  5021 | D:6      | Found a hazy altar of Hepliaklqana.
  5059 | D:6      | Reached skill level 7 in Unarmed Combat
  5429 | D:6      | Reached XP level 8. HP: 42/48 MP: 12/12
  5978 | D:6      | Reached skill level 5 in Transmutations
  6160 | D:6      | Reached skill level 5 in Dodging
  6442 | D:6      | Found an ornate altar of the Wu Jian Council.
  6641 | D:7      | Noticed Duvessa
  6642 | D:7      | Noticed Dowan
  6656 | D:7      | Killed Dowan
  6661 | D:7      | Killed Duvessa
  6742 | D:7      | Mangled by an ogre

Levels and vault maps discovered:
D:1:      scummos_arrival_simple_fountains, layout_rooms
D:2:      layout_rooms, lemuel_crystal_altar
D:3:      layout_loops_corners, okawaru_metal_pillars_1_2, serial_forest,
          infiniplex_forest_end_3, infiniplex_forest_lined_2,
          infiniplex_forest_lined_corner, infiniplex_forest_straight_4,
          infiniplex_forest_lined_corner, infiniplex_forest_diagonal,
          infiniplex_forest_clump_tiny, infiniplex_forest_straight_2,
          grunt_qazlal_sundering, uniq_crazy_yiuf_cottage
D:4:      layout_layer_cave, elyvilon_altar_5, lemuel_round_altar, serial_shops,
          nicolae_shop_stone
D:5:      layout_loops_ring, minmay_temple_entry_trees, first_ration,
          makhleb_blood_cavern_becter, uniq_eustachio
D:6:      lemuel_castle_with_subvaults [lemuel_castle_interior_carwin_1],
          layout_rooms, old_standard_altar, lemuel_doored_altar, minivault_26
D:7:      layout_rooms, nicolae_ru_the_path_less_chosen, lemuel_blue_sif_altar,
          uniq_duvessa
Temple:   nicolae_temple_great_sept

Skill      XL: |  1  2  3  4  5  6  7  8 |
---------------+-------------------------+-----
Transmutations | 3 4 6 |  6.5
Spellcasting   | 3 4 |  4.5
Unarmed Combat | 4 6 7 |  7.0
Dodging        | 4 5 |  5.0
Fighting       | |  1.0

Action                   |  1- 3 |  4- 6 |  7- 9 || total
-------------------------+-------+-------+-------++-------
Melee: Unarmed           |    58 |   102 |   341 ||   501
       Constrict         |    18 |    21 |    45 ||    84
       Tentacles         |     2 |    13 |    37 ||    52
       Punch             |       |     3 |    11 ||    14
Throw: Dart              |       |       |     4 ||     4
 Cast: Sticks to Snakes  |     3 |     5 |     4 ||    12
       Spider Form       |     2 |     5 |    20 ||    27
  Use: Scroll            |       |       |     6 ||     6
       Potion            |       |       |     4 ||     4
 Stab: Sleeping          |     4 |     5 |     7 ||    16
       Distracted        |       |       |     1 ||     1
  Eat: Chunk             |     1 |     6 |     1 ||     8
       Ration            |       |       |     6 ||     6
Armor: Skin              |    11 |    31 |    49 ||    91
Dodge: Dodged            |    38 |    57 |   236 ||   331

Table legend:
 A = Non-vault XP
 B = Vault XP
 C = Vault XP percentage of total XP
 D = Non-vault monster count
 E = Vault monster count
 F = Vault count percentage of total count
                 A         B        C        D         E       F
            +---------+---------+-------+---------+---------+-------
      Total |    1162 |    1185 |  50.5 |     102 |      60 |  37.0
            +---------+---------+-------+---------+---------+-------
        D:1 |      31 |       0 |   0.0 |      18 |       0 |   0.0
        D:2 |      96 |       0 |   0.0 |      26 |       0 |   0.0
        D:3 |      57 |      40 |  41.2 |      13 |       1 |   7.1
        D:4 |     255 |       0 |   0.0 |      16 |       0 |   0.0
        D:5 |     146 |     237 |  61.9 |       9 |       5 |  35.7
        D:6 |     535 |     697 |  56.6 |      17 |      52 |  75.4
        D:7 |      42 |     211 |  83.4 |       3 |       2 |  40.0
            +---------+---------+-------+---------+---------+-------
